 Dungeon Crawl Stone Soup version 0.25-b1-41-g19641232cd (webtiles) character file.

Game seed: 4950772096048145443

425 Jakers the Summoner (level 6, -5/35 HPs)
             Began as a Deep Elf Summoner on June 8, 2020.
             Slain by a centaur (8 damage)
             ... on level 5 of the Dungeon.
             The game lasted 00:11:25 (5840 turns).

Jakers the Summoner (Deep Elf Summoner)             Turns: 5840, Time: 00:11:27

Health: -5/35      AC:  4    Str:  3 (5)  XL:     6   Next: 64%
Magic:  9/12       EV: 13    Int: 20 (22) God:
Gold:   210        SH:  0    Dex: 13 (15) Spells: 1/11 levels left

rFire    . . .     SeeInvis .   l - +2 short sword (drain)
rCold    . . .     Gourm    .   (no shield)
rNeg     . . .     Faith    .   a - +0 robe
rPois    .         Spirit   .   (no helmet)
rElec    .         Reflect  .   m - +0 cloak
rCorr    .         Harm     .   b - +0 pair of gloves
MR       .....                  (no boots)
Stlth    ++........             (no amulet)
HPRegen  0.11/turn              (no ring)
MPRegen  0.13/turn              (no ring)

@: very slightly contaminated
A: mutation resistance 1
a: no special abilities


You were on level 5 of the Dungeon.
You were not hungry.

You visited 1 branch of the dungeon, and saw 5 of its levels.

You collected 210 gold pieces.

Inventory:

Hand Weapons
 g - a +2 dagger of electrocution
 l - a +2 short sword of draining (weapon)
Armour
 a - a +0 robe (worn)
 b - a +0 pair of gloves (worn)
 m - a +0 cloak (worn)
Scrolls
 d - 2 scrolls of identify
 e - a scroll of magic mapping
 h - 2 scrolls of remove curse
 j - 2 scrolls of fog
Potions
 f - a potion of flight
 i - a potion of degeneration
Comestibles
 c - 10 rations


   Skills:
 + Level 2.2 Fighting
 - Level 2.4 Dodging
 - Level 2.4 Stealth
 - Level 3.0 Spellcasting
 - Level 8.1 Summonings


You had one spell level left.
You knew the following spells:

 Your Spells              Type           Power        Failure   Level  Hunger
a - Summon Small Mammal   Summ           ####         1%          1    None
b - Call Imp              Summ           #####...     1%          2    ##.....
c - Call Canine Familiar  Summ           #####...     1%          3    ###....
d - Summon Lightning Spi  Summ/Air       ###.....     26%         4    ####...

Your spell library contained the following spells:

 Spells                   Type           Power        Failure   Level  Hunger
 Summon Guardian Golem    Hex/Summ       ###.....     8%          3    ###....
 Summon Ice Beast         Ice/Summ       ###.....     26%         4    ####...


Dungeon Overview and Level Annotations

Branches:
Dungeon (5/15)
 Temple: D:4-7

Altars:
Vehumet

Shops:
D:4 [

Annotations:
D:4 1 runed translucent door, gruber's ghost, novice DsCK


Innate Abilities, Weirdness & Mutations

You are somewhat resistant to further mutation.


Message History

You bump into the rock wall.
You feel less invigorated.
You feel less confused.
The centaur shoots an arrow.
The arrow barely misses you.
Your crimson imp hits the centaur.
The centaur shoots an arrow.
The arrow hits you.
Your crimson imp hits the centaur but does no damage.
You see here 2 arrows.
The centaur unwields a +0 shortbow.
The centaur barely misses you.
You barely miss the centaur.
The centaur is moderately wounded.
The centaur hits you but does no damage.
Your crimson imp hits the centaur but does no damage.
The centaur hits you.
Casting: Summon Small Mammal (safe; 1% risk of failure)
Confirm with . or Enter, or press ? or * to list all spells.
The centaur hits you!
* * * LOW HITPOINT WARNING * * *
Your crimson imp barely misses the centaur.
The centaur hits you!
You die...

##. .# .# #.. c#
##.# #.. #.##.. ##.#
....# #..# #...#
##..# #...# ##...#
#####(.# ##.....
##(@c5((######..##..
#h####...##.....####
### #..8.........#
#......##....#
#...#...####...#
#..##....# ##..#
#..# #..#.# ##.# ...
#.###. #. ## #. ## #


You could see a centaur, a friendly hound (summoned) and a friendly crimson imp
(summoned).

Vanquished Creatures
  An orc wizard (D:3)
  A hound (D:5)
  A jelly (D:5)
  An iguana (D:5)
  A worker ant (D:4)
  A gnoll (D:5)
  4 adders
  A worm (D:4)
  5 dart slugs
  3 leopard geckos
  3 orcs (D:3)
  2 ball pythons
  4 bats
  4 giant cockroaches
  5 goblins
  3 hobgoblins
  7 frilled lizards
  A kobold (D:1)
  2 rats
50 creatures vanquished.

Vanquished Creatures (collateral kills)
  An ogre (D:4)
  A gnoll sergeant (D:5)
  A scorpion (D:5)
  A howler monkey (D:5)
  An orc wizard (D:3)
  A centaur skeleton (D:4)
  A worker ant (D:5)
  A hound skeleton (D:4)
  2 gnolls (D:5)
  A worm (D:3)
  A dart slug (D:2)
  2 orcs (D:3)
  A giant cockroach (D:3)
  A bat (D:1)
  A rat (D:1)
17 creatures vanquished.

Vanquished Creatures (others)
  2 withered plants (D:4)
2 creatures vanquished.

Grand Total: 69 creatures vanquished

Notes
Turn   | Place    | Note
-------+----------+-------------------------------------------
     0 | D:1      | Jakers the Deep Elf Summoner began the quest for the Orb.
     0 | D:1      | Reached XP level 1. HP: 10/10 MP: 6/6
   338 | D:1      | Reached XP level 2. HP: 15/15 MP: 8/8
   345 | D:1      | Reached skill level 5 in Summonings
   613 | D:1      | Learned a level 2 spell: Call Imp
  1427 | D:2      | Reached XP level 3. HP: 12/19 MP: 5/9
  1587 | D:2      | Found a radiant altar of Vehumet.
  1722 | D:3      | Gained mutation: You are somewhat resistant to further
                  | mutation. [potion of mutation]
  2152 | D:3      | Reached skill level 6 in Summonings
  2215 | D:3      | Reached XP level 4. HP: 20/24 MP: 7/10
  2988 | D:4      | Found Inism's Armour Shop.
  3019 | D:4      | Reached skill level 7 in Summonings
  3019 | D:4      | Reached XP level 5. HP: 14/28 MP: 7/11
  3787 | D:4      | Noticed gruber's ghost (novice DsCK)
  3788 | D:4      | Found a runed translucent door.
  4115 | D:4      | Noticed an ogre
  4134 | D:4      | Killed an ogre
  4582 | D:5      | Entered Level 5 of the Dungeon
  4636 | D:5      | Reached skill level 8 in Summonings
  4641 | D:5      | Reached XP level 6. HP: 27/32 MP: 6/12
  5066 | D:5      | Learned a level 3 spell: Call Canine Familiar
  5071 | D:5      | Learned a level 4 spell: Summon Lightning Spire
  5078 | D:5      | Reached skill level 1 in Fighting
  5840 | D:5      | Slain by a centaur

Illustrated notes

Levels and vault maps discovered:
D:1:      kennysheep_arrival_seaside, layout_loops_corners
D:2:      layout_basic, nicolae_overflow_hidden_temple
D:3:      layout_basic, kennysheep_flooded_box, hex_tiny, minivault_24
D:4:      layout_basic, serial_shops, nicolae_shop_statue_plus,
          gammafunk_ghost_grave
D:5:      layout_layer_cave, first_ration

Skill      XL: |  1  2  3  4  5  6 |
---------------+-------------------+-----
Summonings     | 5 6 7 8 |  8.1
Fighting       | 2 |  2.2
Dodging        | |  2.4
Stealth        | |  2.4
Spellcasting   | |  3.0

Action                   |  1- 3 |  4- 6 || total
-------------------------+-------+-------++-------
Melee: Dagger            |    58 |    22 ||    80
       Unarmed           |     4 |       ||     4
       Spear             |     1 |       ||     1
       Short sword       |       |    78 ||    78
 Cast: Summon Small Mamm |    11 |     8 ||    19
       Call Imp          |     7 |    26 ||    33
       Call Canine Famil |       |     3 ||     3
       Summon Lightning  |       |     2 ||     2
  Use: Potion            |     7 |     2 ||     9
       Scroll            |     7 |       ||     7
 Stab: Sleeping          |     6 |     3 ||     9
       Distracted        |       |     2 ||     2
  Eat: Chunk             |     4 |     9 ||    13
       Ration            |       |     2 ||     2
Armor: Robe              |    16 |    12 ||    28
Dodge: Dodged            |    42 |    87 ||   129
